AoeStats
← John Hawkwood

Hideout

508876801Analyzed
1v1 RM · 8d ago on Sep 24, 2026· 38m 2s· 2 players
Game mode
Random Map
Map size
Tiny (2 player)
Population
200
Speed
Normal
Resources
Standard
Victory
Conquest
Starting age
Dark Age
Ending age
Imperial Age
RankedLock teamsTeams togetherTeam positionsShared explorationLock speedFull tech treeHidden civsTurbo modeCheats
Victory
Defeat
🇺🇸 Mongols · United States
1057
+16
🇩🇪 Malians · Germany
1060
-16
John Hawkwood
9:30 Feudal Age
11:26 Feudal Age
11:59 Loom
15:19 Castle Age
13:13 Double-Bit Axe
13:10 Horse Collar
13:41 Loom
16:00 Bloodlines
21:58 Wheelbarrow
25:15 Gold Mining
27:21 Hand Cart
31:54 Imperial Age
30:28 Fletching
30:38 Padded Archer Armor
31:12 Bow Saw
31:25 Bodkin Arrow
31:34 Heavy Plow
31:53 Stone Mining
31:26 Crossbowman
32:15 Arbalester
33:42 Thumb Ring
33:59 Leather Archer Armor
36:16 Bracer
36:38 Ballistics
36:53 Husbandry
37:30 Conscription
37:35 Siege Engineers
37:26 Elite Skirmisher
15.
5:25 Loom
11:21 Feudal Age
17:37 Castle Age
16:29 Double-Bit Axe
16:28 Horse Collar
18:00 Elite Skirmisher
18:03 Pikeman
19:23 Forging
29:04 Bow Saw
35:14 Imperial Age
32:54 Fletching
33:21 Thumb Ring
32:49 Crossbowman
33:50 Bodkin Arrow
34:31 Iron Casting
35:06 Ballistics
36:10 Padded Archer Armor
37:14 Chemistry
36:31 Squires
37:06 Leather Archer Armor
36:18 Arbalester
Connection lost

Rejoining the realm…

Still unreachable

The connection could not be restored.

Session expired

The server has moved on; the page needs a fresh start.